 Dungeon Crawl Stone Soup version 0.32-a0-814-g0968bab981 (webtiles) character file.

Game seed: 1012012042608110938

10727 Revguard the Prestidigitator (level 11, -3/86 HPs)
             Began as a Coglin Gladiator on Mar 22, 2024.
             Was an Initiate of Wu Jian.
             Slain by a two-headed ogre
             ... wielding a +0 giant club
              (26 damage)
             ... on level 6 of the Dungeon.
             The game lasted 00:26:57 (10551 turns).

Revguard the Prestidigitator (Coglin Gladiator)    Turns: 10551, Time: 00:26:58

Health: -3/86      AC: 15    Str: 15    XL:     11   Next: 66%
Magic:  11/11      EV: 12    Int:  7    God:    Wu Jian [......]
Gold:   409        SH:  0    Dex: 20    Spells: 10/10 levels left

rFire   + + .        m - +4 scimitar (flame) {Duaenre}
rCold   x . .        l - +1 demon blade (vamp) {Johann}
rNeg    . . .        t - +1 fire dragon scales
rPois   .            c - +0 helmet
rElec   .            f - +0 cloak
rCorr   .            (no gloves)
SInv    .            w - +0 pair of boots
Will    .....        (amulet unavailable)
Stlth   ++           (ring unavailable)
HPRegen 0.34/turn    (ring unavailable)
MPRegen 0.12/turn    (no gizmo)

%: no passive effects
@: no status effects
A: off-hand wielding, slow wielding, warmup strikes, no jewellery
a: Invent Gizmo, Renounce Religion


You were on level 6 of the Dungeon.
You worshipped Wu Jian.
Wu Jian was noncommittal.
You visited 2 branches of the dungeon, and saw 11 of its levels.

You collected 689 gold pieces.
You spent 280 gold pieces at shops.

Inventory:

Hand Weapons
 k - a +1 demon blade of pain {Dalbir}
 l - a +1 vampiric demon blade (offhand) {Johann}
 m - a +4 scimitar of flaming (weapon) {Duaenre}
 q - a +1 short sword of venom {Astrid}
Missiles
 d - 3 throwing nets (quivered)
 e - 4 javelins
Armour
 c - a +0 helmet (worn)
 f - a +0 cloak (worn)
 t - +1 fire dragon scales (worn)
 w - a +0 pair of boots (worn)
Wands
 b - a wand of charming (9)
 o - a wand of digging (3)
 p - a wand of light (11)
 B - a wand of flame (11)
Scrolls
 a - 2 scrolls of identify
 n - a scroll of poison
 s - 3 scrolls of amnesia
 v - a scroll of immolation
 x - 3 scrolls of fear
 y - 3 scrolls of blinking {unknown}
 z - 3 scrolls of teleportation {unknown}
 D - a scroll of vulnerability
 E - 3 scrolls of enchant armour
Potions
 g - 2 potions of enlightenment
 h - 2 potions of brilliance
 i - 6 potions of curing
 j - 2 potions of haste
 r - a potion of magic
 u - 2 potions of resistance
 A - a potion of lignification
 C - a potion of attraction {unknown}
 F - a potion of cancellation {unknown}
 G - 2 potions of heal wounds


   Skills:
 + Level 7.8 Fighting
 + Level 8.1 Long Blades
 - Level 1.7 Throwing
 + Level 6.7 Armour
 + Level 7.4 Dodging
 + Level 6.5 Stealth
 + Level 9.4 Evocations


You had 10 spell levels left.
You didn't know any spells.
Your spell library contained the following spells:

 Spells                   Type           Power      Damage    Failure   Level
 Shock                    Conj/Air       0%         1d3       90%         1
 Sublimation of Blood     Necr           0%         N/A       97%         2
 Fugue of the Fallen      Necr           0%         N/A       99%         3
 Ozocubu's Armour         Ice            0%         N/A       99%         3
 Swiftness                Air            0%         N/A       99%         3
 Airstrike                Air            0%         2d(0-16)  100%        4
 Manifold Assault         Tloc           0%         N/A       100%        4
 Petrify                  Alch/Erth      0%         N/A       100%        4
 Irradiate                Conj/Alch      0%         3d11      100%        5


Dungeon Overview and Level Annotations

Branches:
Dungeon (10/15)            Temple (1/1) D:6            Lair (0/5) D:8
    Orc: D:9-12

Altars:
Ashenzari
Cheibriados
Dithmenos
Elyvilon
Fedhas
Gozag
Hepliaklqana
Kikubaaqudgha
Makhleb
Nemelex Xobeh
Okawaru
Qazlal
Ru
Sif Muna
Trog
Uskayaw
Vehumet
Wu Jian
Xom
Yredelemnul
Zin
The Shining One

Shops:
D:6 *

Annotations:
D:6 HourglassMan's ghost, novice MfSh


Innate Abilities, Weirdness & Mutations

You can wield a second weapon in your off-hand.
It takes a long time for you to wield or remove held weapons.
Your first few attacks do less damage.
You cannot equip rings or amulets.


Message History

You climb upwards.
There is a stone staircase leading down here.
There is a stone staircase leading up here.
You climb upwards.
There is a stone staircase leading down here.
There is a stone staircase leading up here.
You climb upwards.
There is a stone staircase leading down here.
Items here: )) ÷÷÷.
You see here a bullfrog skeleton.
Things that are here:
a +0 scale mail; a +0 trident
Things that are here:
a +0 robe; a +0 dagger; the elf skeleton of Dowan
Things that are here:
a +0 leather armour; the elf skeleton of Duvessa
There is a stone staircase leading up, spattered with blood here.
You climb upwards.
Level annotation: 3 runed translucent doors, HourglassMan's ghost, novice MfSh
There is a stone staircase leading down here.
There is a stone staircase leading up here.
The white imp shouts, "Away with thee, thou peaked spleeny ratsbane!"
You hear a loud, deep croak!
HourglassMan's ghost turns its malevolent gaze towards you.
The white imp laughs crazily.
HourglassMan's ghost says, "Let's see how well you move."
You open the gate.
The white imp shouts, "Away with thee, thou puny milk-livered dandiprat!"
The two-headed ogre attacks as it pursues you!
The two-headed ogre barely misses you. The two-headed ogre closely misses you.
The two-headed ogre misses you.
The two-headed ogre hits you with a +0 giant spiked club!
The white imp shouts, "Take thy face hence, thou beslubbering doghearted swadder!"
The two-headed ogre hits you with a +0 giant club!!
The two-headed ogre hits you with a +0 giant spiked club!!
The two-headed ogre attacks as it pursues you!
The two-headed ogre hits you with a +0 giant club.
* * * LOW HITPOINT WARNING * * *
The two-headed ogre hits you with a +0 giant spiked club!!
You die...

##.##.###...### #...#.#########
......#~#~#~#~# #...#.#~#~#~#~#
################
##.##.##~~#~~##
#..............#
#....#~##~##~###..............#
#######~†#~~###....###'''###..#
#~#~#~#~##O#..#W......#..#
#~#~#.#~##@#..#.......#..#
###~#####.....#.##.##.#..#
#=#..# ##.#..#.##.##.#..#
#.##.# #....#5##.##.#..# #.##.#
###..#..$?...#..#
#.##.#######..#.......#..##
#.............#########...#
#..#.#######..............#
#..#.#### #..............#


You could see a two-headed ogre and a white imp.

Vanquished Creatures
  2 two-headed ogres (D:10)
  Erica (D:9)
  Nergalle (D:10)
  Maurice (D:7)
  Joseph (D:7)
  Jeremiah (D:7)
  A troll (D:10)
  Grinder (D:3)
  Sigmund (D:3)
  A vampire (D:8)
  3 wyverns
  12 yaks
  A steam dragon (D:8)
  An acid dragon (D:9)
  Duvessa (D:7)
  A black bear (D:5)
  3 orc warriors
  3 ice beasts
  A sky beast (D:7)
  5 centaurs
  A kobold brigand (D:9)
  6 bullfrogs
  A gnoll sergeant (D:7)
  4 scorpions (D:5)
  20 wights
  Dowan (D:7)
  4 killer bees (D:9)
  4 howler monkeys
  3 bombardier beetles
  A hound (D:5)
  A jelly (D:6)
  A gnoll bouda (D:5)
  4 orc priests
  A sleepcap (D:5)
  5 iguanas
  5 orc wizards
  13 gnolls
  8 adders
  A shadow imp (D:3)
  2 white imps
  5 dart slugs
  3 ribbon worms (D:2)
  21 orcs
  3 bats
  9 endoplasms
  3 goblins
  5 hobgoblins
  11 jackals
  11 quokkas
  7 ball pythons
  7 frilled lizards
  8 kobolds
  7 rats
228 creatures vanquished.

Notes
Turn   | Place    | Note
-------+----------+-------------------------------------------
     0 | D:1      | Revguard the Coglin Gladiator began the quest for the Orb.
     0 | D:1      | Reached XP level 1. HP: 16/16 MP: 1/1
    60 | D:1      | Reached XP level 2. HP: 21/22 MP: 2/2
   287 | D:1      | Reached skill level 1 in Evocations
   370 | D:1      | Reached XP level 3. HP: 20/27 MP: 3/3
   799 | D:2      | Reached skill level 1 in Stealth
   879 | D:2      | Reached skill level 1 in Armour
   904 | D:2      | Found an iron altar of Okawaru.
  1024 | D:2      | Reached XP level 4. HP: 34/34 MP: 4/4
  1521 | D:2      | Found a faded altar of an unknown god.
  1622 | D:3      | Noticed Sigmund
  1626 | D:3      | Found a glowing silver altar of Zin.
  1635 | D:3      | Killed Sigmund
  1636 | D:3      | Reached skill level 2 in Evocations
  1636 | D:3      | Reached XP level 5. HP: 25/41 MP: 5/5
  1636 | D:3      | Reached XP level 6. HP: 29/47 MP: 6/6
  2098 | D:3      | Reached skill level 3 in Evocations
  2207 | D:3      | Noticed an orc warrior
  2213 | D:3      | Found a transporter.
  2219 | D:3      | Found a transporter.
  2364 | D:3      | Found an iron altar of Okawaru.
  2405 | D:4      | Noticed Grinder
  2606 | D:3      | Paralysed by Grinder for 5 turns
  2621 | D:3      | Killed Grinder
  2622 | D:3      | Reached XP level 7. HP: 39/52 MP: 7/7
  3224 | D:5      | Entered Level 5 of the Dungeon
  3224 | D:5      | Found a hazy altar of Hepliaklqana.
  3230 | D:5      | Reached skill level 4 in Evocations
  3333 | D:5      | Reached XP level 8. HP: 58/60 MP: 8/8
  3587 | D:5      | Reached skill level 5 in Long Blades
  3789 | D:5      | Reached skill level 5 in Evocations
  4118 | D:5      | Found a broken altar of Ashenzari.
  4432 | D:6      | Identified a scroll of acquirement
  4432 | D:6      | Acquired a +1 demon blade of pain
  4538 | D:6      | Reached skill level 5 in Dodging
  4538 | D:6      | Reached XP level 9. HP: 59/67 MP: 9/9
  4685 | D:6      | Found Zouna's Assorted Antiques.
  4689 | D:6      | Bought a scroll of identify for 44 gold pieces
  4689 | D:6      | Bought a scroll labelled ENAUME YMEBB for 22 gold pieces
  4689 | D:6      | Bought 3 scrolls labelled IPLUMA YSINK for 66 gold pieces
  4689 | D:6      | Bought a scroll of identify for 44 gold pieces
  4689 | D:6      | Bought a dark potion for 19 gold pieces
  4689 | D:6      | Bought a scroll of identify for 44 gold pieces
  4689 | D:6      | Bought a scroll labelled JABRUT ASSO for 22 gold pieces
  4689 | D:6      | Bought a viscous silvery potion for 19 gold pieces
  4920 | D:6      | Reached skill level 5 in Fighting
  4944 | D:6      | Found a staircase to the Ecumenical Temple.
  4948 | Temple   | Entered the Ecumenical Temple
  5169 | D:6      | Noticed a gargoyle
  5174 | D:6      | Noticed a two-headed ogre
  5174 | D:6      | Noticed HourglassMan's ghost (novice MfSh)
  5230 | D:6      | Found a runed translucent gate.
  5230 | D:6      | Found a runed translucent gate.
  5231 | D:6      | Found a runed translucent gate.
  5991 | D:7      | Noticed Maurice
  6001 | D:7      | Maurice stole 4 javelins
  6014 | D:7      | Something stole a +2 dagger of flaming {Yongsun}
  6016 | D:7      | Something stole 132 gold
  6158 | D:7      | Killed Maurice
  6159 | D:7      | Reached skill level 6 in Evocations
  6412 | D:7      | Noticed Duvessa
  6412 | D:7      | Noticed Dowan
  6419 | D:7      | Killed Duvessa
  6424 | D:7      | Killed Dowan
  6628 | D:7      | Noticed Jeremiah
  6648 | D:7      | Killed Jeremiah
  6774 | D:7      | Reached skill level 5 in Armour
  6774 | D:7      | Reached XP level 10. HP: 69/76 MP: 10/10
  6780 | D:7      | Reached skill level 7 in Evocations
  6929 | D:7      | Reached skill level 5 in Stealth
  7276 | D:7      | Noticed Joseph
  7288 | D:7      | Killed Joseph
  7781 | D:8      | Found a staircase to the Lair.
  8397 | D:8      | Found an ornate altar of the Wu Jian Council.
  8398 | D:8      | Found a blossoming altar of Fedhas.
  8454 | D:9      | Reached skill level 8 in Evocations
  8754 | D:9      | Reached XP level 11. HP: 58/84 MP: 11/11
  8849 | D:9      | Noticed Erica
  8864 | D:9      | Killed Erica
  9468 | D:9      | Found Haedduil's Assorted Antiques.
  9508 | D:8      | Found a sparkling altar of Nemelex Xobeh.
  9508 | D:8      | Found a shimmering altar of Xom.
  9511 | D:8      | Found an opulent altar of Gozag.
  9518 | D:8      | Became a worshipper of the Wu Jian Council
  9539 | D:10     | Entered Level 10 of the Dungeon
  9663 | D:10     | Noticed a two-headed ogre
  9670 | D:10     | Killed a two-headed ogre
  9880 | D:10     | Noticed a two-headed ogre
  9888 | D:10     | Killed a two-headed ogre
  9889 | D:10     | Reached skill level 9 in Evocations
 10007 | D:10     | Noticed Nergalle
 10015 | D:10     | Killed Nergalle
 10551 | D:6      | Slain by a two-headed ogre

Illustrated notes

Levels and vault maps discovered:
D:1:      psy_arrival_fountain, layout_loops_ring
D:2:      layout_loops_cross, shapermc_ecumenical_altar_hornbeckon, basic_altar
D:3:      layout_basic, gammafunk_temple_overflow_arena,
          mainiacjoe_overflow_alcove_4, uniq_sigmund
D:4:      layout_basic, uniq_grinder
D:5:      layout_basic, nicolae_hepliaklqana_hazy_memory,
          cheibrodos_ashenzari_chains, corexii_item_surrounded_by_moat
D:6:      layout_loops_ring, temple_hall_moat,
          mainiacjoe_sewer_entry_somewhere_in_here_2, serial_shops,
          nicolae_shop_back_alley_shop, gammafunk_ghost_split,
          minmay_misc_feat_pillars
D:7:      layout_basic, uniq_maurice, uniq_duvessa, uniq_joseph, uniq_jeremiah
D:8:      layout_rooms, nicolae_overflow_hidden_temple, lair_entry_dummy
D:9:      layout_small_grid, serial_shops, shop, kennysheep_generic_room_7,
          uniq_erica
D:10:     layout_cave_pods, uniq_nergalle
Temple:   nicolae_temple_god_jail

Skill      XL: |  1  2  3  4  5  6  7  8  9 10 11 |
---------------+----------------------------------+-----
Evocations     | 1 2 3 4 5 6 8 9 |  9.4
Dodging        | 3 4 5 6 7 |  7.4
Stealth        | 1 2 3 4 5 6 |  6.5
Armour         | 1 2 3 5 6 |  6.7
Fighting       | 3 4 5 7 |  7.8
Long Blades    | 4 5 6 7 8 |  8.1
Throwing       | |  1.7

Action                     |  1- 3 |  4- 6 |  7- 9 | 10-12 || total
---------------------------+-------+-------+-------+-------++-------
  Melee: Long sword        |    65 |    72 |   226 |       ||   363
         Dagger            |    59 |    65 |   144 |       ||   268
         Demon blade       |       |       |   119 |   224 ||   343
         Short sword       |       |       |    25 |   155 ||   180
         Scimitar          |       |       |     9 |    56 ||    65
  Throw: Throwing net      |       |     2 |     2 |       ||     4
Ability: Lunge             |       |       |       |     8 ||     8
  Evoke: Wand              |       |       |     4 |     6 ||    10
    Use: Scroll            |       |       |    10 |     3 ||    13
         Potion            |       |       |     2 |     8 ||    10
   Stab: Sleeping          |     1 |       |       |       ||     1
         Held in net/web   |       |     2 |       |       ||     2
         Invisible         |       |       |     4 |     1 ||     5
 Armour: Leather armour    |    11 |       |       |       ||    11
         Ring mail         |     9 |       |       |       ||     9
         Scale mail        |    10 |       |       |       ||    10
         Chain mail        |       |    36 |       |       ||    36
         Fire dragon scale |       |    38 |   255 |   239 ||   532
  Dodge: Dodged            |    39 |    43 |   142 |   153 ||   377

Table legend: (Time is in decaauts)
 A = Elapsed time spent in this place.
 B = Non-inter-level travel time spent in this place.
 C = Inter-level travel time spent in this place.
 D = Time resting spent in this place.
 E = Time spent auto-exploring this place.
 F = Levels seen in this place.
 G = Mean time per level.
                   A        B        C        D        E       F      G
               +--------+--------+--------+--------+--------+-----+--------+
         Total |  10580 |   9942 |    638 |    836 |   6969 |  11 |  961.8 |
       Dungeon |  10569 |   9931 |    638 |    836 |   6969 |  10 | 1056.9 |
        Temple |     11 |     11 |      0 |      0 |      0 |   1 |   11.0 |
               +--------+--------+--------+--------+--------+-----+--------+

Top non-repeatable levels by time:
     D:7: 1446 daAuts
     D:6: 1332 daAuts
     D:5: 1243 daAuts
     D:3: 1214 daAuts
     D:9: 1105 daAuts
    D:10: 920 daAuts
     D:8: 919 daAuts
     D:2: 861 daAuts
     D:4: 765 daAuts
     D:1: 759 daAuts
  Temple: 11 daAuts
